 Dungeon Crawl Stone Soup version 0.32-a0-450-g080537f31e (webtiles) character file.

Game seed: 1831392039557764043

1530 ryw the Martial Artist (level 8, -1/60 HPs)
             Began as a Demonspawn Monk on Feb 23, 2024.
             Was a Believer of Qazlal.
             Slain by an orc warrior
             ... wielding a +0 glaive
              (13 damage)
             ... on level 7 of the Dungeon.
             The game lasted 00:12:04 (5245 turns).

ryw the Martial Artist (Demonspawn Monk)            Turns: 5245, Time: 00:12:05

Health: -1/60      AC:  7    Str: 11    XL:     8   Next: 55%
Magic:  8/8        EV: 12    Int: 13    God:    Qazlal [**....]
Gold:   580        SH:  3    Dex: 16    Spells: 7/7 levels left

rFire   . .          .
                       - Unarmed
rCold   . . .        c - orb {light}
rNeg    . . .        p - +1 leather armour {rPois}
rPois   +            (no helmet)
rElec   .            (no cloak)
rCorr   .            (no gloves)
SInv    .            (no boots)
Will    .....        (no amulet)
Stlth   +            (no ring)
HPRegen 1.30/turn    (no ring)
MPRegen 0.11/turn

%: no passive effects
@: glowing
A: claws 2, slimy green scales 2, powered by death 1
a: Renounce Religion, Upheaval


You were on level 7 of the Dungeon.
You worshipped Qazlal.
Qazlal was pleased with you.
You visited 1 branch of the dungeon, and saw 7 of its levels.
You also visited: Ossuary.

You collected 580 gold pieces.

Inventory:

Missiles
 e - 4 boomerangs (quivered)
Armour
 a - a +1 robe
 c - an orb of light (worn)
 p - a +1 leather armour of poison resistance (worn)
Jewellery
 i - a ring of see invisible
Talismans
 d - a flux talisman
Wands
 o - a wand of roots (1)
Scrolls
 g - a scroll of silence
 n - 3 scrolls of teleportation
 q - a scroll of immolation
Potions
 b - 2 potions of ambrosia
 h - 5 potions of curing
 j - a potion of might
 k - 2 potions of resistance
 l - 2 potions of lignification
 m - 2 potions of berserk rage
 r - a potion of invisibility {unknown}
 s - 2 potions of degeneration
 t - a potion of haste {unknown}
 u - a potion of brilliance {unknown}


   Skills:
 - Level 4.0 Fighting
 - Level 3.0 Dodging
 * Level 9.9 Unarmed Combat
 + Level 0.0 Invocations


You had 7 spell levels left.
You didn't know any spells.
Your spell library contained the following spells:

 Spells                   Type           Power      Damage    Failure   Level
 Magic Dart               Conj           0%         1d3       38%         1
 Blink                    Tloc           0%         N/A       52%         2
 Lesser Beckoning         Tloc           0%         N/A       52%         2
 Mercury Vapours          Alch/Air       0%         N/A       52%         2
 Momentum Strike          Conj/Tloc      0%         3d8       52%         2
 Searing Ray              Conj           0%         2d4       52%         2
 Mephitic Cloud           Conj/Alch/Air  0%         N/A       77%         3
 Fulminant Prism          Conj/Alch      0%         3d5       99%         4
 Summon Blazeheart Golem  Fire/Summ      0%         N/A       99%         4
 Freezing Cloud           Conj/Ice/Air   0%         6-21      100%        5
 Orb of Destruction       Conj           0%         9d5       100%        7
 Spellforged Servitor     Conj/Summ      0%         N/A       100%        7


Dungeon Overview and Level Annotations

Branches:
Dungeon (7/15)             Temple (0/1) D:6         Ossuary (visited)

Altars:
Cheibriados
Fedhas
Okawaru
Qazlal
Wu Jian

Shops:
D:2 *

Annotations:
D:4 3 runed translucent doors, gebbletook2's ghost, amateur OpSh


Innate Abilities, Weirdness & Mutations

You have very sharp fingernails.
You are mostly covered in slimy green scales. (AC +3)
You regenerate a little health from kills.


Message History

Found a dagger.
An orc warrior comes into view. It is wielding a +0 glaive.
Found a potion of degeneration.
The orc warrior shouts!
An orc comes into view. It is wielding a +0 flail.
Found a viscous orange potion.
The orc shouts!
The orc priest barely misses you.
You barely miss the orc priest. You scratch the orc priest.
The orc priest is lightly wounded.
The orc priest hits you but does no damage.
The orc priest calls upon Beogh to heal the orc priest.
The orc priest's wounds heal themselves!
You scratch the orc priest.
The orc priest is lightly wounded.
The orc warrior closely misses you.
The orc priest calls down the wrath of Beogh upon you.
Beogh smites you!
The orc priest hits you but does no damage.
You claw the orc priest!
The orc priest is almost dead.
The orc warrior hits you from afar with a +0 glaive!
The orc priest mumbles some strange prayers to Beogh against you.
Beogh smites you!
The orc priest mumbles some strange prayers to Beogh against you.
Beogh smites you!
* * * LOW HITPOINT WARNING * * *
You are too injured to fight recklessly!
You are too injured to fight recklessly!
You are too injured to fight recklessly!
You are too injured to fight recklessly!
You are too injured to fight recklessly!
Unknown command.
You scratch the orc priest.
You kill the orc priest!
Qazlal accepts your kill. The orc priest completely misses you.
The orc warrior hits you from afar with a +0 glaive!
You die...

#. #. ### #.# . #.. #.#
#.#### #.# #.#
#.)...##.############.#
...........#..........##
.....o>o...'............
.....o.@..!#...........#
......)....#...........#
!..........#...........#
...........#...........#
...........#...........#
...........#...........#
...........###########.#
.!.........# #.# .#


You could see an orc warrior, an orc priest and an orc.

Vanquished Creatures
  2 water moccasins
  A sky beast (D:6)
  2 phantoms
  2 elf zombies (D:6)
  An elf skeleton (D:6)
  2 scorpions (D:4)
  A howler monkey (D:4)
  2 bombardier beetles
  2 orc priests
  3 hounds
  4 sleepcaps
  2 human skeletons (D:6)
  2 iguanas
  2 orc wizards
  8 mummies (Ossuary)
  4 adders
  3 ufetubi
  4 dart slugs
  2 ribbon worms
  17 orcs
  13 ball pythons
  7 endoplasms
  A giant cockroach (D:2)
  3 gnoll zombies (Ossuary)
  3 goblins
  6 hobgoblins
  6 jackals
  9 kobolds
  7 quokkas
  6 bats
  3 frilled lizards
  2 hobgoblin zombies (Ossuary)
  2 kobold zombies (Ossuary)
  An orc skeleton (D:6)
  An orc zombie (Ossuary)
  7 rats
143 creatures vanquished.

Notes
Turn   | Place    | Note
-------+----------+-------------------------------------------
     0 | D:1      | ryw the Demonspawn Monk began the quest for the Orb.
     0 | D:1      | Reached XP level 1. HP: 18/18 MP: 1/1
   116 | D:1      | Gained mutation: You have sharp fingernails. [demonic
                  | ancestry]
   116 | D:1      | Reached XP level 2. HP: 23/24 MP: 2/2
   430 | D:1      | Reached skill level 3 in Unarmed Combat
   689 | D:2      | Gained mutation: You are partially covered in slimy green
                  | scales. (AC +2) [demonic ancestry]
   689 | D:2      | Reached XP level 3. HP: 24/29 MP: 3/3
   983 | D:2      | Found Firch's General Store.
  1373 | D:3      | Reached XP level 4. HP: 37/37 MP: 4/4
  1836 | D:3      | Reached skill level 4 in Unarmed Combat
  2059 | D:4      | Noticed a scorpion
  2072 | D:4      | Killed a scorpion
  2073 | D:4      | Gained mutation: You have very sharp fingernails. [demonic
                  | ancestry]
  2073 | D:4      | Reached XP level 5. HP: 37/42 MP: 5/5
  2092 | D:4      | Noticed a phantom
  2104 | D:4      | Killed a phantom
  2105 | D:4      | Reached skill level 5 in Unarmed Combat
  2156 | D:3      | Reached XP level 6. HP: 32/48 MP: 6/6
  2446 | D:4      | Reached skill level 6 in Unarmed Combat
  2651 | D:4      | Found a runed translucent gate.
  2651 | D:4      | Found a runed translucent gate.
  2651 | D:4      | Found a runed translucent gate.
  2940 | D:4      | You fall into a shaft and drop 1 floor!
  2940 | D:5      | Entered Level 5 of the Dungeon
  2941 | D:5      | Noticed a water moccasin
  2949 | D:5      | Killed a water moccasin
  2950 | D:5      | Reached skill level 7 in Unarmed Combat
  2950 | D:5      | Gained mutation: You are mostly covered in slimy green
                  | scales. (AC +3) [demonic ancestry]
  2950 | D:5      | Reached XP level 7. HP: 34/54 MP: 7/7
  3584 | D:4      | Noticed gebbletook2's ghost (amateur OpSh)
  3674 | D:5      | Found an ornate altar of the Wu Jian Council.
  3916 | D:5      | Reached skill level 8 in Unarmed Combat
  3999 | D:5      | Found a faded altar of an unknown god.
  3999 | D:5      | Found a blossoming altar of Fedhas.
  4006 | D:5      | Found a snail-covered altar of Cheibriados.
  4008 | D:5      | Found an iron altar of Okawaru.
  4010 | D:5      | Found a stormy altar of Qazlal.
  4013 | D:5      | Became a worshipper of Qazlal Stormbringer
  4013 | D:5      | Reached * piety under Qazlal
  4013 | D:5      | Reached ** piety under Qazlal
  4178 | D:6      | Found a staircase to the Ecumenical Temple.
  4438 | D:6      | Gained mutation: You regenerate a little health from kills.
                  | [demonic ancestry]
  4438 | D:6      | Reached XP level 8. HP: 60/60 MP: 8/8
  4551 | D:6      | Reached skill level 9 in Unarmed Combat
  4636 | D:6      | Found a sand-covered staircase.
  4650 | Ossuary  | Entered an ossuary
  5245 | D:7      | Slain by an orc warrior

Illustrated notes

Levels and vault maps discovered:
D:1:      zaba_arrival_water, layout_basic
D:2:      layout_rooms, serial_shops, shop
D:3:      layout_rooms, kennysheep_generic_room_5
D:4:      layout_basic, gammafunk_ghost_icy, saegor_snake_ambush
D:5:      minmay_inner_zag, layout_cave_pools,
          chequers_temple_overflow_minitemple, jmf_multi_god_temple,
          minmay_liquid_box
D:6:      layout_loops_ring, minmay_temple_entry_trees,
          nicolae_ossuary_entry_catacombs
D:7:      layout_basic

Skill      XL: |  1  2  3  4  5  6  7  8 |
---------------+-------------------------+-----
Dodging        | 3 |  3.0
Unarmed Combat | 3 4 5 7 8 9 |  9.9
Fighting       | 4 |  4.0

Action                     |  1- 3 |  4- 6 |  7- 9 || total
---------------------------+-------+-------+-------++-------
  Melee: Unarmed           |   134 |   133 |   175 ||   442
    Use: Scroll            |       |     8 |     4 ||    12
         Potion            |       |     3 |       ||     3
 Armour: Robe              |    65 |    72 |    28 ||   165
         Leather armour    |       |       |    51 ||    51
  Dodge: Dodged            |    86 |    68 |    92 ||   246

Table legend: (Time is in decaauts)
 A = Elapsed time spent in this place.
 B = Non-inter-level travel time spent in this place.
 C = Inter-level travel time spent in this place.
 D = Time resting spent in this place.
 E = Time spent auto-exploring this place.
 F = Levels seen in this place.
 G = Mean time per level.
                   A        B        C        D        E       F      G
               +--------+--------+--------+--------+--------+-----+--------+
         Total |   5225 |   5007 |    218 |    762 |   3126 |   8 |  653.1 |
       Dungeon |   4978 |   4760 |    218 |    738 |   3022 |   7 |  711.1 |
       Ossuary |    247 |    247 |      0 |     24 |    104 |   1 |  247.0 |
               +--------+--------+--------+--------+--------+-----+--------+

Top non-repeatable levels by time:
     D:4: 1064 daAuts
     D:2: 875 daAuts
     D:6: 865 daAuts
     D:5: 839 daAuts
     D:3: 719 daAuts
     D:1: 574 daAuts
 Ossuary: 247 daAuts
     D:7: 41 daAuts
